Map: Lost and Found LE

Players

DeMusliM - Winner!

  • Race: Terran Terran
  • Spawn Location: 7:00

Lambo

  • Race: Zerg Zerg
  • Spawn Location: 1:00

Event: WCS Valencia 2018

VOD

Have the link to the VOD?

Description

Time

  • Played on: July 12, 2018, 10:19 a.m.
  • Length: 13:29

All games in this series

Show
View Real Time Build Order
Export as new Build Order

DeMusliM Terran - Winner!

Build Orders: Reaper Expand, Bio Tank 

Get SALT Encoding   

  12  0:01  SCV  
  13  0:13  SCV  
  14  0:17  Supply Depot  
  14  0:25  SCV  
  15  0:38  SCV  
  15  0:40  Barracks  
  16  0:43  Refinery  
  16  0:50  SCV  
  17  1:02  SCV  
  18  1:15  SCV  
  19  1:27  Orbital Command, Reaper  
  20  1:39  Command Center  
  20  1:46  Supply Depot  
  20  1:52  SCV  
  21  1:59  Marine  
  22  2:04  SCV  
  23  2:09  Factory  
  23  2:16  SCV  
  23  2:21  Barracks Reactor  
  24  2:29  SCV  
  25  2:39  Command Center  
  25  2:41  SCV  
  26  2:52  Orbital Command  
  26  2:53  SCV  
  27  2:59  Starport  
  27  3:05  Refinery, SCV  
  28  3:08  Barracks Tech Lab  
  28  3:15  Hellion  
  28  3:17  SCV x2  
  28  3:19  Hellion  
  34  3:29  SCV  
  34  3:31  SCV  
  36  3:41  SCV  
  36  3:42  Hellion  
  36  3:43  SCV  
  36  3:44  Supply Depot  
  36  3:46  Banshee  
  45  3:49  Barracks Tech Lab  
  45  3:53  SCV  
  45  3:54  Orbital Command, Hellion  
  46  3:56  SCV  
  47  4:05  SCV  
  47  4:08  SCV  
  47  4:09  Supply Depot  
  49  4:12  Marine  
  50  4:17  SCV  
  50  4:20  SCV  
  50  4:21  SCV  
  50  4:22  Stimpack  
  53  4:30  SCV  
  53  4:32  SCV  
  53  4:35  SCV  
  53  4:38  Refinery, Barracks  
  55  4:39  Refinery, Barracks  
  55  4:41  Starport Reactor  
  55  4:42  Factory Reactor, SCV, Engineering Bay  
  55  4:43  Engineering Bay  
  55  4:45  Orbital Command  
  56  4:46  SCV  
  57  4:54  Supply Depot, SCV, Marine  
  57  4:58  SCV  
  60  5:06  SCV  
  61  5:10  SCV  
  61  5:13  Supply Depot  
  62  5:14  SCV  
  62  5:16  Supply Depot, Marine  
  62  5:18  Terran Infantry Weapons Level 1, Terran Infantry Armor Level 1, SCV  
  65  5:22  SCV  
  65  5:24  Supply Depot  
  65  5:26  SCV  
  67  5:30  SCV  
  67  5:32  Supply Depot, Marine x2  
  67  5:34  SCV, Marine  
  72  5:36  Siege Tank  
  72  5:39  SCV  
  72  5:42  SCV  
  77  5:43  Barracks x2  
  77  5:44  Marine x2  
  77  5:46  SCV  
  77  5:48  Medivac  
  77  5:49  Medivac  
  84  5:50  Marine x2  
  84  5:51  SCV  
  84  5:54  SCV  
  84  5:56  Supply Depot  
  88  5:58  SCV  
  88  6:00  Marine  
  88  6:03  SCV, Marine  
  88  6:04  Refinery, Marine  
  93  6:08  Armory  
  93  6:09  SCV  
  93  6:10  SCV  
  95  6:12  Supply Depot  
  95  6:14  Siege Tank  
  95  6:15  SCV  
  95  6:18  Marine x2  
  101  6:20  Marine  
  101  6:21  SCV  
  101  6:23  Combat Shield  
  101  6:24  Medivac x2  
  107  6:32  SCV x2  
  109  6:35  Supply Depot, SCV  
  109  6:36  Supply Depot  
  110  6:40  Marine x2, Command Center  
  110  6:43  Barracks Reactor x2, Marine x2  
  110  6:44  SCV  
  110  6:45  SCV  
  116  6:47  SCV  
  116  6:50  Marine  
  116  6:52  Supply Depot  
  118  6:56  SCV  
  118  6:58  SCV  
  118  6:59  Supply Depot  
  118  7:00  Supply Depot  
  120  7:05  Marine x3  
  120  7:06  Marine  
  121  7:08  Marine  
  121  7:10  Medivac  
  121  7:11  Siege Tank, Terran Vehicle And Ship Armor Level 1  
  121  7:12  SCV x2  
  121  7:13  Terran Infantry Weapons Level 2  
  131  7:18  Terran Infantry Armor Level 2  
  129  7:22  Marine  
  129  7:23  Marine x2  
  129  7:25  Marine x5  
  129  7:26  Marine  
  138  7:31  Barracks  
  138  7:33  Barracks  
  138  7:35  Barracks  
  138  7:40  Marine  
  138  7:41  Marine  
  138  7:42  Marine  
  138  7:43  Marine  
  138  7:44  Siege Tank, Medivac x2  
  149  7:51  Marine  
  149  7:52  Marine x4  
  149  8:02  Marine x4  
  149  8:04  Refinery  
  153  8:08  Supply Depot x2  
  153  8:09  Marine x2  
  153  8:10  Marauder, Marine x2  
  153  8:11  Concussive Shells  
  159  8:16  Siege Tank  
  159  8:18  Medivac x2  
  166  8:21  Barracks Tech Lab x3, Marine x2  
  168  8:27  Refinery  
  168  8:30  Planetary Fortress  
  168  8:32  Marine  
  168  8:33  Marauder, Marine x5  
  176  8:38  Marine  
  176  8:39  Marine, Command Center  
  176  8:40  Marauder x2  
  176  8:41  Marauder  
  184  8:50  Marine x3  
  184  8:54  Marauder, Marine  
  184  8:55  Marine x2  
  192  8:56  Siege Tank, Marine x2  
  192  9:01  Marine  
  192  9:02  Marauder  
  188  9:20  SCV, Marine x2  
  188  9:25  Supply Depot  
  188  9:26  Supply Depot  
  188  9:47  Marauder x3, Marine x4  
  188  9:48  Marauder  
  188  9:50  Supply Depot  
  200  9:53  Marine  
  200  9:57  Marine  
  200  9:59  Terran Infantry Armor Level 3, Terran Infantry Weapons Level 3  
  187  10:00  Siege Tank, Medivac  
  192  10:09  Marauder x2  
  168  10:14  Marine  
  168  10:15  Marauder  
  168  10:19  Marauder, Marine x7  
  168  10:20  Medivac  
  178  10:29  Marine  
  178  10:30  Marauder, Medivac  
  178  10:32  Siege Tank, Marine  
  152  10:36  Marauder, Marine  
  152  10:37  Marine x6  
  152  10:40  Marauder  
  146  10:48  Marauder  
  146  10:50  Marine, Medivac  
  146  10:51  Marauder  
  146  10:52  Terran Vehicle And Ship Armor Level 2  
  146  10:54  Marine x5  
  146  10:55  Marine x2  
  156  10:57  Marauder  
  156  11:00  Medivac  
  156  11:02  Marauder  
  157  11:04  Siege Tank  
  157  11:08  Marine  
  157  11:09  Marauder  
  146  11:12  Marine x6  
  146  11:13  Marauder, Marine  
  146  11:15  SCV  
  140  11:19  Marauder  
  140  11:22  Medivac  
  140  11:23  Marauder  
  144  11:26  Marine  
  144  11:30  Marine x3, Medivac  
  144  11:31  Marauder  
  144  11:32  Marine  
  152  11:33  Marine x3  
  152  11:34  Marauder  
  152  11:36  Siege Tank  
  161  11:40  Marauder  
  161  11:45  Marauder  
  161  11:46  Marine  
  166  11:48  Marine x2  
  166  11:52  Marauder  
  166  11:53  Marine  
  171  11:54  Marine  
  171  11:56  Marauder  
  171  11:59  Marine  
  175  12:02  Marauder  
  175  12:06  Marauder  
  172  12:09  Marine  
  172  12:10  Siege Tank  
  172  12:13  Marauder, Marine  
  172  12:14  Marine  
  174  12:15  Marine  
  174  12:16  Marine x3  
  174  12:17  Marauder, Marine, Medivac x2  
  185  12:23  Marauder  
  185  12:27  Marauder, Marine  
  190  12:30  Marine  
  190  12:32  Marine  
  190  12:33  Marine x4  
  190  12:35  Marauder  
  190  12:36  Marine  
  198  12:38  Marauder  
  194  12:44  Marauder  
  194  12:45  Marine  
  194  12:48  Marine  
  194  12:49  Marauder  
  194  12:50  Marine  
  200  12:56  Marauder  
  193  12:58  Marine  
  193  12:59  Marine  
  193  13:00  Marauder  
  193  13:01  Marine  
  193  13:04  Marine  
  183  13:06  Marauder  
Show
View Real Time Build Order
Export as new Build Order

Lambo Zerg 

Build Orders: Hatch First 

Get SALT Encoding   

  12  0:00  Drone  
  13  0:12  Overlord  
  13  0:17  Drone  
  14  0:30  Drone x2  
  16  0:48  Hatchery  
  15  0:51  Drone  
  15  0:54  Drone  
  17  0:58  Drone  
  18  1:08  Extractor  
  17  1:13  Spawning Pool  
  17  1:17  Drone  
  17  1:20  Drone  
  18  1:29  Drone  
  19  1:39  Drone  
  20  1:50  Drone  
  21  2:02  Queen x2  
  21  2:03  Zergling x4  
  27  2:14  Hatchery  
  26  2:19  Overlord  
  26  2:23  Drone  
  26  2:25  Drone  
  28  2:31  Metabolic Boost  
  28  2:37  Drone x2  
  28  2:38  Drone  
  28  2:43  Drone  
  28  2:44  Drone  
  33  2:52  Queen  
  33  2:55  Overlord  
  36  2:58  Drone  
  36  3:14  Drone x2  
  36  3:15  Drone x2  
  36  3:17  Drone x2  
  42  3:21  Overlord  
  42  3:27  Drone, Queen  
  42  3:28  Drone  
  42  3:29  Queen  
  42  3:32  Zergling x2  
  49  3:37  Zergling x2  
  50  3:45  Zergling x2  
  50  3:46  Zergling x4  
  50  3:48  Overlord  
  53  3:49  Drone x3  
  55  3:57  Drone  
  55  3:59  Overlord  
  55  4:01  Drone  
  57  4:03  Baneling Nest  
  57  4:07  Queen  
  57  4:08  Drone x3  
  61  4:11  Drone  
  61  4:12  Spore Crawler  
  61  4:14  Lair  
  61  4:18  Drone x2  
  61  4:20  Drone  
  61  4:21  Drone  
  65  4:24  Drone  
  65  4:25  Drone  
  65  4:29  Spore Crawler  
  66  4:32  Overlord x2, Extractor  
  66  4:33  Extractor  
  66  4:34  Overlord  
  66  4:36  Drone  
  65  4:50  Drone x8  
  65  4:51  Drone x2  
  75  4:54  Evolution Chamber  
  75  4:57  Drone x2  
  76  5:00  Drone  
  76  5:03  Drone  
  78  5:09  Drone x2  
  78  5:11  Overseer  
  78  5:12  Drone  
  81  5:14  Drone x2  
  81  5:15  Hatchery  
  81  5:17  Centrifical Hooks, Extractor x2  
  80  5:23  Drone x3  
  80  5:25  Queen  
  80  5:28  Drone x2  
  87  5:29  Overseer  
  87  5:30  Overlord  
  87  5:35  Drone, Evolution Chamber  
  88  5:39  Zerg Ground Armor Level 1  
  88  5:42  Drone x3  
  89  5:43  Overlord  
  89  5:45  Overlord  
  89  5:47  Overlord  
  89  5:49  Overlord  
  89  5:52  Drone x2  
  91  5:59  Hydralisk Den  
  91  6:00  Baneling x2  
  91  6:01  Baneling, Zergling x12  
  91  6:02  Baneling x3  
  91  6:04  Zergling x2  
  96  6:05  Zergling x4  
  98  6:11  Zergling x4  
  98  6:13  Zergling x2  
  98  6:14  Baneling x2  
  98  6:15  Baneling  
  98  6:17  Zergling x4  
  103  6:23  Zergling x2  
  104  6:27  Zerg Melee Weapons Level 1  
  104  6:28  Drone x3  
  104  6:29  Queen  
  104  6:30  Drone x3  
  112  6:34  Infestation Pit, Grooved Spines  
  112  6:36  Overlord  
  112  6:38  Drone x5  
  116  6:42  Drone x3  
  116  6:44  Extractor  
  116  6:45  Extractor  
  116  6:46  Drone  
  118  6:54  Zergling x6  
  118  6:59  Overlord  
  120  7:03  Zergling x22  
  130  7:18  Hatchery, Hive  
  130  7:20  Spire  
  129  7:23  Zergling x16  
  129  7:27  Overlord  
  136  7:32  Hydralisk x2  
  136  7:33  Hydralisk x2  
  136  7:34  Hatchery  
  136  7:35  Overlord  
  136  7:36  Overlord  
  143  7:40  Drone x3  
  143  7:41  Hydralisk x2  
  150  7:45  Muscular Augments  
  150  7:49  Hydralisk x2  
  150  7:50  Zergling x10  
  159  7:57  Pneumatized Carapace  
  159  7:59  Hydralisk x2  
  159  8:00  Hydralisk x2  
  159  8:01  Overseer  
  167  8:06  Hydralisk x2  
  167  8:07  Hydralisk x2  
  167  8:10  Baneling  
  167  8:11  Baneling x7  
  175  8:13  Overlord  
  175  8:18  Zergling x2  
  175  8:19  Extractor  
  175  8:20  Baneling x6  
  175  8:28  Zerg Missile Weapons Level 1  
  175  8:34  Overlord, Zergling x18  
  183  8:36  Zerg Ground Armor Level 2  
  183  8:46  Greater Spire  
  183  8:49  Zergling x12  
  183  8:54  Viper  
  183  8:55  Overlord  
  192  8:58  Overlord  
  188  9:05  Zergling x26  
  188  9:08  Zergling x4  
  197  9:13  Zergling x8  
  197  9:16  Viper x2  
  185  9:21  Queen  
  185  9:22  Zergling x2  
  185  9:23  Zergling x10  
  192  9:26  Baneling x3  
  192  9:27  Baneling x7  
  192  9:28  Zergling x2  
  192  9:29  Zergling x6  
  196  9:31  Zergling x2  
  196  9:32  Zergling x4  
  198  9:39  Zergling x4  
  198  9:42  Queen x2  
  200  9:52  Zergling x10  
  200  9:54  Zergling x2, Hydralisk  
  200  9:59  Zergling x18  
  191  10:03  Baneling  
  191  10:04  Baneling x10  
  191  10:05  Hydralisk x2  
  191  10:06  Zergling x2  
  196  10:08  Zergling x2  
  196  10:10  Zergling x2  
  196  10:13  Hydralisk, Zergling x12  
  174  10:17  Hydralisk x2  
  174  10:20  Baneling x10, Zergling x8  
  170  10:22  Zergling x2  
  170  10:25  Zergling x4  
  170  10:27  Zergling x4  
  162  10:32  Zergling x6  
  162  10:34  Zergling x4  
  147  10:41  Zergling x4  
  134  10:45  Baneling x12  
  134  10:46  Hydralisk x3  
  134  10:48  Baneling x8  
  139  10:50  Zergling x2  
  139  10:51  Zergling x2  
  139  10:52  Zergling x4  
  139  10:54  Hydralisk x2  
  139  10:55  Zergling x2  
  144  10:58  Unknown  
  144  10:59  Hydralisk  
  145  11:04  Zergling x4  
  145  11:05  Unknown  
  145  11:07  Zergling x6  
  136  11:13  Zergling x4  
  131  11:24  Zergling x28  
  145  11:26  Adrenal Glands  
  145  11:30  Baneling x7, Spore Crawler, Hatchery  
  144  11:32  Zergling x2  
  144  11:33  Zergling x8  
  144  11:36  Zergling x2  
  144  11:39  Queen  
  149  11:40  Queen  
  149  11:43  Queen  
  149  11:45  Zergling x6  
  158  11:50  Zergling x2  
  158  11:51  Zergling x10  
  158  11:53  Baneling  
  158  11:54  Baneling x5  
  164  11:55  Baneling  
  164  11:56  Baneling x2  
  164  12:00  Zergling x10  
  169  12:02  Zergling x4  
  164  12:14  Zergling x26  
  170  12:18  Overlord  
  170  12:22  Baneling x6  
  169  12:23  Baneling  
  169  12:25  Drone  
  169  12:26  Drone x2  
  169  12:29  Baneling x7  
  172  12:32  Zergling x6  
  172  12:36  Baneling x4  
  172  12:37  Baneling x4  
  172  12:39  Zergling x8  
  172  12:41  Zergling x6  
  177  12:44  Baneling  
  177  12:45  Baneling x6  
  177  12:46  Zergling x2  
  177  12:47  Zergling x2  
  177  12:50  Zergling x6  
  180  12:56  Unknown  
  180  12:58  Zergling x16  
  167  12:59  Zergling x4  
  167  13:03  Zergling x8  
  140  13:07  Zergling x8  
  140  13:11  Zergling x2  
  140  13:12  Zergling x8  
Tags
 
Add a new tag
Caveats
  • Supply blocks, unpowered buildings, or Contaminate may cause inaccurate times.
  • Supply counts are checked every 10 seconds.